Map: Lightshade LE

Players

A.I. 1 (Very Easy) - Winner!

  • Race: Terran Terran

TheAbbott

  • Race: Terran Terran
  • League: Gold

VOD

Have the link to the VOD?

Description

Time

  • Played on: June 20, 2021, 7:18 p.m.
  • Length: 5:08
Show
View Real Time Build Order
Export as new Build Order

A.I. 1 (Very Easy) Terran - Winner!

Build Orders:  

Get SALT Encoding   

  12  0:00  SCV  
  13  0:13  SCV  
  14  0:18  Supply Depot  
  14  0:37  Refinery  
  14  0:42  Barracks  
  14  1:03  Supply Depot  
  14  1:11  Refinery  
  14  1:29  SCV, Marine  
  16  1:41  SCV  
  17  1:53  SCV  
  18  2:01  Marine  
  18  2:05  SCV  
  20  2:17  SCV  
  21  2:29  SCV  
  22  2:34  Marine  
  23  2:42  Orbital Command  
  23  4:14  SCV  
Show
View Real Time Build Order
Export as new Build Order

TheAbbott Terran 

Build Orders: 1/1/1 

Get SALT Encoding   

  12  0:00  SCV  
  13  0:13  SCV  
  14  0:17  Supply Depot  
  14  0:25  SCV  
  15  0:28  Refinery  
  15  0:38  SCV  
  16  0:47  Barracks  
  16  0:52  SCV  
  16  0:56  Refinery  
  17  1:04  SCV  
  18  1:16  SCV  
  19  1:34  Marine  
  19  1:35  Orbital Command  
  19  1:39  Factory  
  20  1:50  Supply Depot  
  20  1:53  Marine  
  22  2:01  SCV  
  22  2:12  Barracks Reactor  
  22  2:15  SCV  
  23  2:23  Factory Tech Lab  
  23  2:24  Starport  
  23  2:27  SCV  
  24  2:41  SCV  
  25  2:44  Siege Tank  
  25  2:49  Supply Depot  
  25  2:50  Marine x2  
  30  3:02  Starport Tech Lab  
  30  3:08  Marine  
  30  3:11  Marine  
  32  3:16  Siege Tank  
  32  3:18  Supply Depot  
  35  3:28  Raven  
  35  3:29  Marine x2  
  39  3:41  Supply Depot  
  39  3:48  Marine x2  
  39  3:50  Siege Tank  
  44  4:17  Marine  
  44  4:20  Viking x2  
  49  4:27  Supply Depot  
  49  4:34  Marine  
  50  4:46  SCV  
  51  5:05  Command Center  
Tags
 
League
Gold
Matchup
TvT
Opening
1/1/1
Race
Terran
Add a new tag
Caveats
  • Supply blocks, unpowered buildings, or Contaminate may cause inaccurate times.
  • Supply counts are checked every 10 seconds.